 Dungeon Crawl Stone Soup version 0.28-a0-872-g80cf8599ee (webtiles) character file.

Game seed: 2042164709541556116

254 croobank the Sneak (level 5, -10/45 HPs)
             Began as a Demigod Delver on Nov 20, 2021.
             Killed from afar by Ijyb (17 damage)
             ... with a bolt of acid
             ... on level 3 of the Dungeon.
             The game lasted 00:18:21 (3485 turns).

croobank the Sneak (Demigod Delver)                 Turns: 3485, Time: 00:18:21

Health: -10/45     AC:  0    Str: 17    XL:     5   Next: 59%
Magic:  9/9        EV: 12    Int: 12    God:
Gold:   204        SH:  0    Dex: 15    Spells: 5/6 levels left

rFire   . . .      SeeInvis .   a - +0 hand axe
rCold   . . .      Faith    .   (no shield)
rNeg    . . .      Spirit   .   b - +0 leather armour
rPois   .          Reflect  .   r - +0 helmet
rElec   .          Harm     .   (no cloak)
rCorr   .          Rampage  .   (no gloves)
Will    .....                   (no boots)
Stlth   +++.......              (no amulet)
HPRegen 0.15/turn               (no ring)
MPRegen 0.11/turn               (no ring)

@: about to teleport, corroded
A: high mp 1, forlorn
a: no special abilities


You were on level 3 of the Dungeon.
You visited 1 branch of the dungeon, and saw 5 of its levels.

You collected 204 gold pieces.

Inventory:

Hand Weapons
 a - a +0 hand axe (weapon)
 j - a +0 mace
Missiles
 n - 23 stones
 q - 5 boomerangs
Armour
 b - a +0 leather armour (worn)
 k - a +0 ring mail
 r - a +0 helmet (worn)
Magical Staves
 p - a staff of air
Wands
 g - a wand of digging (3)
 h - a wand of flame (20) (quivered)
Scrolls
 c - a scroll of fog
Potions
 e - 3 potions of curing
 f - a potion of mutation {unknown}
 l - a potion of lignification {unknown}
 m - 2 potions of flight
 o - a potion of attraction {unknown}


   Skills:
 + Level 3.3 Fighting
 + Level 2.8 Axes
 + Level 1.9 Armour
 + Level 2.1 Dodging
 + Level 5.3 Stealth
 * Level 1.1 Spellcasting
 * Level 1.2 Ice Magic
 + Level 0.8 Evocations


You had 5 spell levels left.
You knew the following spells:

 Your Spells              Type           Power      Damage    Failure   Level
a - Freeze                Ice            12%        1d4       22%         1

Your spell library contained the following spells:

 Spells                   Type           Power      Damage    Failure   Level
 Frozen Ramparts          Ice            6%         1d2       54%         3
 Ozocubu's Armour         Ice            3%         N/A       54%         3
 Portal Projectile        Hex/Tloc       0%         N/A       71%         3
 Hailstorm                Conj/Ice       2%         3d3       95%         4
 Blade Hands              Tmut           0%         N/A       100%        5
 Excruciating Wounds      Necr           0%         N/A       100%        5
 Ozocubu's Refrigeration  Ice            1%         4d5       100%        7


Dungeon Overview and Level Annotations

Branches:
Dungeon (5/15)             Temple (0/1) D:4

Portals:
Ossuary: D:5

Annotations:
D:3 Ijyb


Innate Abilities, Weirdness & Mutations

Your attributes grow dramatically as you level up.
You have an increased reservoir of magic. (+10% MP)
You shall have no god before yourself.


Message History

Ijyb closely misses you. Ijyb barely misses you.
You hit Ijyb.
Ijyb is moderately wounded.
Ijyb drinks a potion.
Ijyb suddenly seems more resistant.
You hit Ijyb.
Ijyb is moderately wounded.
Ijyb screams, "Level is mine!
All mine!"
Ijyb zaps a wand.
The bolt of acid hits you!!!
Ouch! That really hurt!
* * * LOW HITPOINT WARNING * * *
The acid corrodes you!
You feel much better.
Ijyb screams, "It's all mine!"
Ijyb closely misses you.
Okay, then.
Okay, then.
Casting: Freeze (safe; 22% risk of failure)
Confirm with . or Enter, or press ? or * to list all spells.
Okay, then.
Press: ? - help, v - describe, . - travel
Here: Ijyb, wielding a +0 club, wearing a +0 ring mail and carrying a wand of acid (3) (moderately wounded, unusually resistant)
The floor, spattered with blood.
As you read the scroll labelled DIGUK WERUDEYN, it crumbles to dust.
You feel strangely unstable.
It was a scroll of teleportation.
Ijyb hits you with a +0 club.
* * * LOW HITPOINT WARNING * * *
Aiming: Throw Flame
Press: ? - help, Q - select action, (/) - cycle Shift-Dir - straight line, f - Ijyb
Aim: Ijyb, wielding a +0 club, wearing a +0 ring mail and carrying a wand of acid (3) (moderately wounded, unusually resistant, 64% to hit)
The puff of flame hits Ijyb.
Ijyb resists.
Ijyb is heavily wounded.
Ijyb hits you with a +0 club.
* * * LOW HITPOINT WARNING * * *
Aiming: Throw Flame
Press: ? - help, Q - select action, (/) - cycle Shift-Dir - straight line, f/p - Ijyb
Aim: Ijyb, wielding a +0 club, wearing a +0 ring mail and carrying a wand of acid (3) (heavily wounded, unusually resistant, 64% to hit)
The puff of flame hits Ijyb but does no damage.
Ijyb is heavily wounded.
Ijyb zaps a wand.
The bolt of acid hits you!
You die...

.#....
.....
#...#
#...# #
#...#
#.#.#...#
#..w....#
#..@#
#.#g# ..
#.> ##
#### ##
.. .w ##
..


You could see Ijyb (resistant) and a dart slug (asleep).

Vanquished Creatures
  An ogre (D:2)
  Jessica (D:2)
  An orc wizard (D:3)
  5 adders
  An ufetubus (D:5)
  A worm (D:2)
  2 dart slugs
  3 orcs
  8 ball pythons
  3 bats (D:1)
  3 giant cockroaches
  A goblin (D:1)
  4 hobgoblins
  4 jackals (D:3)
  6 quokkas
  5 frilled lizards
  5 kobolds
  5 rats
59 creatures vanquished.

Notes
Turn   | Place    | Note
-------+----------+-------------------------------------------
     0 | D:5      | croobank the Demigod Delver began the quest for the Orb.
     0 | D:5      | Reached XP level 1. HP: 18/18 MP: 3/3
     1 | D:5      | Noticed an ogre
   103 | D:5      | Found a sand-covered staircase.
   110 | D:4      | Found a staircase to the Ecumenical Temple.
   267 | D:3      | Noticed an orc wizard
   494 | D:3      | Reached XP level 2. HP: 21/25 MP: 4/4
   701 | D:3      | Reached skill level 5 in Stealth
   701 | D:3      | Reached XP level 3. HP: 31/31 MP: 5/5
  1313 | D:1      | Learned a level 1 spell: Freeze
  1487 | D:1      | Reached XP level 4. HP: 33/38 MP: 6/6
  2394 | D:2      | Reached skill level 1 in Armour
  2604 | D:2      | Noticed an ogre
  2604 | D:2      | Noticed Jessica
  2990 | D:2      | Killed an ogre
  2991 | D:2      | Reached skill level 1 in Spellcasting
  2991 | D:2      | Reached skill level 1 in Ice Magic
  2991 | D:2      | Reached XP level 5. HP: 45/45 MP: 7/9
  3012 | D:2      | Killed Jessica
  3478 | D:3      | Noticed Ijyb
  3481 | D:3      | HP: 1/45 [Ijyb/bolt of acid (44)]
  3485 | D:3      | Killed from afar by Ijyb

Illustrated notes

Levels and vault maps discovered:
D:1:      evilmike_arrival_fibonacci_small, layout_loops_ring,
          hellmonk_ecumenical_altar_prayer_group
D:2:      layout_loops_cross, minmay_divided_ellipse, uniq_jessica
D:3:      layout_basic, nicolae_overflow_hallway_of_the_gods, uniq_ijyb
D:4:      wander_river, layout_basic, nicolae_ru_path_of_blood,
          minmay_temple_entry_offerings, kennysheep_generic_room_8, uniq_pikel
D:5:      layout_cave_pools, nicolae_ossuary_entry_false_entrances,
          uniq_blork_the_orc

Skill      XL: |  1  2  3  4 |
---------------+-------------+-----
Fighting       | 3 |  3.3
Axes           | 2 |  2.8
Stealth        | 5 |  5.3
Armour         | 1 |  1.9
Dodging        | 2 |  2.1
Spellcasting   | 1 |  1.1
Ice Magic      | 1 |  1.2
Evocations     | |  0.8

Action                   |  1- 3 |  4- 6 || total
-------------------------+-------+-------++-------
Melee: Hand axe          |    79 |   108 ||   187
Evoke: Wand              |    12 |    12 ||    24
  Use: Scroll            |     2 |     4 ||     6
       Potion            |     1 |     1 ||     2
 Stab: Sleeping          |     7 |     3 ||    10
Armor: Leather armour    |    15 |    28 ||    43
Dodge: Dodged            |    54 |    53 ||   107

Table legend: (Time is in decaauts)
 A = Elapsed time spent in this place.
 B = Non-inter-level travel time spent in this place.
 C = Inter-level travel time spent in this place.
 D = Time resting spent in this place.
 E = Time spent auto-exploring this place.
 F = Levels seen in this place.
 G = Mean time per level.
                   A        B        C        D        E       F      G
               +--------+--------+--------+--------+--------+-----+--------+
         Total |   3501 |   3415 |     86 |    765 |   1773 |   5 |  700.2 |
       Dungeon |   3501 |   3415 |     86 |    765 |   1773 |   5 |  700.2 |
               +--------+--------+--------+--------+--------+-----+--------+

Top non-repeatable levels by time:
     D:2: 1365 daAuts
     D:1: 1131 daAuts
     D:3: 889 daAuts
     D:5: 91 daAuts
     D:4: 23 daAuts
